 Dungeon Crawl Stone Soup version 0.26-b1-32-g5d43845318 (webtiles) character file.

Game seed: 3350407592643332560

1562 Aviak the Skirmisher (level 8, 0/55 (61) HPs)
             Began as an Octopode Wanderer on Jan 12, 2021.
             Slain by an ufetubus (1 damage)
             ... on level 6 of the Dungeon.
             The game lasted 00:06:19 (5195 turns).

Aviak the Skirmisher (Octopode Wanderer)            Turns: 5195, Time: 00:06:20

HP:   0/55 (61)     AC:  3    Str: 11    XL:     8   Next: 89%
MP:   8/8           EV: 17    Int: 16    God:
Gold: 203           SH:  0    Dex: 12    Spells: 7/7 levels left

rFire    . . .     SeeInvis +   u - +2 scythe (venom)
rCold    . . .     Faith    .   (shield currently unavailable)
rNeg     . . .     Spirit   .   t - +2 hat
rPois    .         Reflect  .   (no amulet)
rElec    .         Harm     .   Z - ring of see invisible
rCorr    .         Rampage  .   l - ring of stealth
Will     .....                  (no ring)
Stlth    ++++......             (no ring)
HPRegen  0.18/turn              (no ring)
MPRegen  0.11/turn              (no ring)
                                (no ring)
                                (no ring)

@: mesmerised, drained
A: almost no armour, stealthy swim, amphibious, 8 rings, constrict 8, camouflage
1, gelatinous body 1
a: no special abilities


You were on level 6 of the Dungeon.
You visited 1 branch of the dungeon, and saw 6 of its levels.

You collected 339 gold pieces.
You spent 136 gold pieces at shops.

Inventory:

Hand Weapons
 a - a +2 quarterstaff
 b - a +0 mace
 u - a +2 scythe of venom (weapon)
Armour
 t - a +2 hat (worn)
Jewellery
 l - a ring of stealth (right tentacle)
 Z - a ring of see invisible (left tentacle)
Wands
 f - a wand of iceblast (14)
 w - a wand of enslavement (2)
Scrolls
 c - a scroll of noise {unknown}
 d - 2 scrolls of remove curse {unknown}
 g - 3 scrolls of amnesia {unknown}
 i - 2 scrolls of identify
 n - 2 scrolls of magic mapping {unknown}
 q - 3 scrolls of teleportation
 r - a scroll of enchant armour {unknown}
 x - a scroll of blinking
 y - a scroll of fear {unknown}
 A - a scroll of fog {unknown}
Potions
 e - a potion of magic
 h - a potion of resistance
 j - 2 potions of brilliance
 k - a potion of degeneration {!q!q}
 m - a potion of mutation {!q}
 o - 2 potions of curing {unknown}
 p - a potion of haste {unknown}
 s - a potion of might
 v - a potion of ambrosia {unknown}
 z - a potion of lignification {!q}


   Skills:
 + Level 7.9 Fighting
 - Level 3.0(3.7) Maces & Flails
 - Level 3.4(4.0) Staves
 + Level 7.4 Dodging
 - Level 1.3 Stealth
 - Level 1.1 Evocations


You had 7 spell levels left.
You didn't know any spells.
Your spell library contained the following spells:

 Spells                   Type           Power        Failure   Level
 Animate Skeleton         Necr           0%           26%         1
 Apportation              Tloc           0%           26%         1
 Corona                   Hex            0%           26%         1
 Magic Dart               Conj           0%           26%         1
 Summon Small Mammal      Summ           0%           26%         1
 Blink                    Tloc           N/A          36%         2
 Call Imp                 Summ           0%           36%         2
 Slow                     Hex            0%           36%         2
 Conjure Flame            Conj/Fire      0%           58%         3
 Mephitic Cloud           Conj/Pois/Air  0%           58%         3


Dungeon Overview and Level Annotations

Branches:
Dungeon (6/15)
 Temple: D:4-7

Altars:
Ru
The Shining One

Shops:
D:4 ?

Annotations:
D:6 Dowan, Duvessa, Maggie


Innate Abilities, Weirdness & Mutations

You cannot wear most types of armour.
You are very stealthy in the water. (Stealth+)
You are amphibious.
You can wear up to eight rings at the same time.
You can use your tentacles to constrict eight enemies at once.
Your skin changes colour to match your surroundings (Stealth+).
Your rubbery body absorbs attacks. (AC +1, EV +1)


Message History

The ufetubus hits you. Maggie misses you. The ufetubus closely misses you.
The ufetubus misses you.
You barely miss Maggie. Your grab misses Maggie.
Maggie is lightly wounded.
The ufetubus hits you. The ufetubus completely misses you.
Maggie hits you with a +1 long sword of draining!
You feel drained. The ufetubus hits you. The ufetubus closely misses you.
Maggie hits you with a +1 long sword of draining.
You feel drained. The ufetubus misses you. The ufetubus barely misses you.
You hit Maggie but do no damage.
Maggie looks as sick as possible!
You grab Maggie. You squeeze Maggie.
Maggie is lightly wounded.
You constrict Maggie.
The ufetubus hits you but does no damage.
The ufetubus barely misses you. Maggie casts a spell at you.
The bolt of fire hits you!!
* * * LOW HITPOINT WARNING * * *
The ufetubus completely misses you. The ufetubus hits you.
You die...

#.......#.#.#.#
#.#.....#.#.#.#
#.#.....#......
#....##.###...#
###............
#.###...#.#..#..#
#.......#.#..#.##
#######..##.# ...
......5@..# ..
#.######@## #.#
.. ###


You could see Maggie (mesmerising, extremely poisoned) and an ufetubus.

Vanquished Creatures
  Sigmund (D:5)
  Eustachio (D:4)
  Edmund (D:4)
  Menkaure (D:4)
  An ice beast (D:6)
  2 ogres
  A phantom (D:5)
  3 scorpions
  A centaur zombie (D:5)
  2 hounds (D:5)
  2 orc priests (D:4)
  4 orc wizards (D:4)
  Ijyb (D:5)
  An iguana (D:4)
  Natasha (thrice) (D:3)
  5 adders
  2 white imps (D:5)
  2 worms
  2 dart slugs
  3 leopard geckos
  14 orcs
  2 giant cockroaches (D:4)
  4 goblins
  5 hobgoblins
  A quokka (D:4)
  8 bats
  5 frilled lizards
  2 jackal skeletons (D:4)
  4 kobolds (D:1)
  A leopard gecko skeleton (D:5)
  A leopard gecko zombie (D:5)
  8 rats
94 creatures vanquished.

Notes
Turn   | Place    | Note
-------+----------+-------------------------------------------
     0 | D:1      | Aviak the Octopode Wanderer began the quest for the Orb.
     0 | D:1      | Aviak set off with the following items: a +2 quarterstaff,
                  | a +0 mace, a potion of lignification {!q}
     0 | D:1      | Reached XP level 1. HP: 16/16 MP: 1/1
    94 | D:1      | Reached XP level 2. HP: 20/21 MP: 2/2
   169 | D:1      | Reached skill level 1 in Dodging
   798 | D:1      | Reached XP level 3. HP: 23/26 MP: 3/3
   922 | D:2      | HP: 1/39 [adder (3)]
  1580 | D:2      | Found a sacrificial altar of Ru.
  1802 | D:3      | Reached XP level 4. HP: 25/32 MP: 4/4
  1819 | D:3      | Noticed Natasha
  1830 | D:3      | Killed Natasha
  1995 | D:3      | Noticed Natasha
  2001 | D:3      | Killed Natasha
  2116 | D:3      | Noticed Natasha
  2121 | D:3      | Killed Natasha
  2122 | D:3      | Reached XP level 5. HP: 27/37 MP: 5/5
  2394 | D:4      | Noticed Menkaure
  2400 | D:4      | Killed Menkaure
  2401 | D:4      | Reached XP level 6. HP: 38/44 MP: 6/6
  2682 | D:4      | Found Siaban's Magic Scroll Boutique.
  2954 | D:4      | Noticed Eustachio
  2965 | D:4      | Killed Eustachio
  2966 | D:4      | Reached skill level 5 in Fighting
  2966 | D:4      | Reached XP level 7. HP: 32/50 MP: 7/7
  3308 | D:4      | Reached skill level 5 in Dodging
  3308 | D:4      | Noticed Edmund
  3329 | D:4      | Killed Edmund
  3330 | D:4      | Reached XP level 8. HP: 10/58 MP: 8/8
  3641 | D:4      | Bought a scroll of blinking for 97 gold pieces
  3641 | D:4      | Bought a scroll of teleportation for 39 gold pieces
  3957 | D:5      | Entered Level 5 of the Dungeon
  4009 | D:5      | Noticed Sigmund
  4024 | D:5      | Killed Sigmund
  4122 | D:5      | Found a glowing golden altar of the Shining One.
  4124 | D:5      | Noticed Ijyb
  4139 | D:5      | Killed Ijyb
  4874 | D:6      | Noticed Duvessa
  4876 | D:6      | Noticed Dowan
  5186 | D:6      | Noticed Maggie
  5195 | D:6      | HP: 1/55 [Maggie/bolt of fire (19)]
  5195 | D:6      | Slain by an ufetubus

Illustrated notes

Levels and vault maps discovered:
D:1:      minmay_arrival_doors, layout_loops_ring, minmay_door_square,
          wad_floor_pattern_1
D:2:      layout_rooms, serial_aquarium, aquarium_bridge_long_separate
          [aquarium_subvault_bridge, aquarium_subvault_bridge,
          aquarium_subvault_wall, aquarium_subvault_bridge,
          aquarium_subvault_wall, aquarium_subvault_bridge],
          aquarium_bridge_square [aquarium_subvault_bridge,
          aquarium_subvault_wall, aquarium_subvault_wall,
          aquarium_subvault_bridge], aquarium_window_2, aquarium_window_fake,
          aquarium_view_2b, aquarium_balcony_3a, aquarium_pool_1,
          skrybe_limestone_x, nicolae_ru_the_path_less_chosen
D:3:      layout_basic, uniq_natasha
D:4:      layout_rooms, serial_shops,
          nicolae_shop_temple_entry_statues_fountains, minmay_starry_boxes,
          uniq_menkaure, uniq_eustachio, uniq_edmund
D:5:      layout_basic, basic_altar, uniq_sigmund, uniq_ijyb
D:6:      layout_basic, minmay_temple_entry_gardened_gates,
          gammafunk_ghost_arena, uniq_crazy_yiuf_cottage, uniq_maggie,
          uniq_duvessa

Skill      XL: |  1  2  3  4  5  6  7  8 |
---------------+-------------------------+-----
Dodging        | 1 2 3 4 5 7 |  7.4
Staves         | 3 |  3.4
Fighting       | 4 5 6 7 |  7.9
Maces & Flails | |  3.0
Stealth        | |  1.3
Evocations     | |  1.1

Action                   |  1- 3 |  4- 6 |  7- 9 || total
-------------------------+-------+-------+-------++-------
Melee: Quarterstaff      |    74 |    43 |    47 ||   164
       Constrict         |    14 |     7 |    22 ||    43
       Tentacles         |     5 |    10 |    20 ||    35
       Scythe            |       |       |    64 ||    64
Evoke: Wand              |       |       |     7 ||     7
  Use: Potion            |     1 |     2 |     1 ||     4
       Scroll            |       |     5 |       ||     5
 Stab: Sleeping          |     4 |     4 |     8 ||    16
       Distracted        |       |       |     1 ||     1
Armor: Skin              |    13 |     4 |    11 ||    28
Dodge: Dodged            |    50 |    34 |    83 ||   167
